 Dungeon Crawl Stone Soup version 0.19.4 (webtiles) character file.

107 Minion the Cutter (level 4, -7/36 HPs)
             Began as a Demigod Wanderer on Feb 2, 2017.
             Mangled by Grinder (8 damage)
             ... on level 3 of the Dungeon.
             The game lasted 00:05:38 (2164 turns).

Minion the Cutter (Demigod Wanderer)                Turns: 2164, Time: 00:05:38

Health: -7/36      AC: 10    Str: 17    XL:     4   Next: 32%
Magic:  6/6        EV: 10    Int: 15    God:
Gold:   153        SH:  0    Dex: 16    Spells: 0 memorised, 3 levels left

rFire  . . .     SeeInvis .     d - +2 short sword (holy)
rCold  . . .     Gourm    .     a - +2 scale mail
rNeg   . . .     Faith    .     (no shield)
rPois  .         Spirit   .     (no helmet)
rElec  .         Reflect  .     (no cloak)
rCorr  +         Harm     .     (no gloves)
MR     .....                    o - +1 pair of boots
Stlth  ..........               (no amulet)
                                (no ring)
                                n - ring of resist corrosion

@: no status effects
A: high mp 1
a: no special abilities


You were on level 3 of the Dungeon.
You were not hungry.

You visited 1 branch of the dungeon, and saw 3 of its levels.

You collected 153 gold pieces.

Inventory:

Hand Weapons
 d - a +2 short sword of holy wrath (weapon)
 k - a +0 whip
Armour
 a - a +2 scale mail (worn)
 j - a +1 robe of positive energy
 o - a +1 pair of boots (worn)
Jewellery
 n - a ring of resist corrosion (left hand)
Scrolls
 g - a scroll of blinking {unknown}
 i - a scroll of noise {unknown}
 m - 4 scrolls of identify {unknown}
 p - 2 scrolls of enchant armour {unknown}
 q - a scroll of remove curse {unknown}
 r - a scroll of teleportation {unknown}
Potions
 b - a potion of curing
 c - a potion of lignification
 e - a potion of degeneration {unknown}
 h - 2 potions of might {unknown}
Comestibles
 f - 4 bread rations
 l - a royal jelly
 s - 4 chunks of flesh


   Skills:
 - Level 2.0 Fighting
 + Level 3.6 Short Blades
 - Level 1.0 Maces & Flails
 - Level 1.0 Throwing
 - Level 2.6 Armour
 - Level 2.0 Dodging
 - Level 1.0 Stealth


You had 3 spell levels left.
You didn't know any spells.

Dungeon Overview and Level Annotations

Branches:
Dungeon (3/15)

Annotations:
D:3 Grinder


Innate Abilities, Weirdness & Mutations

You have an increased reservoir of magic. (+10% MP)


Message History

Grinder hits you but does no damage.
You barely miss Grinder.
Grinder is moderately wounded.
Grinder hits you.
You writhe in agony.
You puncture Grinder!
Grinder convulses.
Grinder is severely wounded.
Grinder hits you but does no damage.
You hit Grinder.
Grinder convulses.
Grinder is severely wounded.
Grinder hits you but does no damage.
You hit Grinder.
Grinder convulses.
Grinder is almost dead.
Grinder gestures at you. Pain shoots through your body!
* * * LOW HITPOINT WARNING * * *
You are too injured to fight recklessly!
You hit Grinder.
Grinder convulses.
Grinder is almost dead.
Grinder hits you!
You die...

.######### #.#
.........## #.#
########..# #.# ...#
##.### #.##
#$####...#####..##
#.####............##..#
#....<...#######.......
#####....# ######..
#.@5#..# #<. #.#...(#
##. #.###.># #. ..
....# #. ##. #.... #.
#. #.#.. #. #. .# .?##
## #. .>[# #..##


You could see Grinder.

Vanquished Creatures
  Terence (D:2)
  3 adders (D:2)
  An ooze (D:3)
  A worm (D:3)
  2 dart slugs (D:1)
  2 leopard geckos
  2 ball pythons (D:1)
  7 bats
  3 giant cockroaches
  3 goblins
  6 hobgoblins
  A quokka (D:2)
  A frilled lizard (D:2)
  3 kobolds
  8 rats
44 creatures vanquished.

Notes
Turn   | Place    | Note
-------+----------+-------------------------------------------
     0 | D:1      | Minion the Demigod Wanderer began the quest for the Orb.
     0 | D:1      | Minion set off with: a +2 scale mail, a potion of curing, a potion of lignification, a +0 club, a bread ration
     0 | D:1      | Reached XP level 1. HP: 17/17 MP: 3/3
    83 | D:1      | Reached skill level 1 in Dodging
   232 | D:1      | Reached XP level 2. HP: 15/24 MP: 4/4
   463 | D:1      | Reached skill level 2 in Short Blades
  1053 | D:2      | Reached XP level 3. HP: 29/29 MP: 5/5
  1358 | D:2      | Noticed Terence
  1361 | D:2      | Reached skill level 3 in Short Blades
  1575 | D:2      | Killed Terence
  1575 | D:2      | Reached XP level 4. HP: 28/36 MP: 6/6
  2145 | D:3      | Noticed Grinder
  2150 | D:3      | Paralysed by Grinder for 3 turns
  2163 | D:3      | HP: 1/36 [Grinder/nerve-wracking pain (12)]
  2164 | D:3      | Mangled by Grinder

Skill      XL: |  1  2  3 |
---------------+----------+-----
Dodging        | 1 2 |  2.0
Short Blades   | 2 3 |  3.6
Fighting       | 2 |  2.0
Maces & Flails | |  1.0
Throwing       | |  1.0
Armour         | |  2.6
Stealth        | |  1.0

Action                   |  1- 3 |  4- 6 || total
-------------------------+-------+-------++-------
Melee: Whip              |    21 |       ||    21
       Club              |    16 |       ||    16
       Short sword       |   102 |    44 ||   146
  Eat: Chunk             |     2 |     2 ||     4
Armor: Scale mail        |    81 |    16 ||    97
Dodge: Dodged            |    87 |    16 ||   103
